 Dungeon Crawl Stone Soup version 0.18.1-6-gd335043 (webtiles) character file.

9769 M4edhros the Destroyer (level 11, -4/61 HPs)
             Began as a Formicid Conjurer on May 20, 2016.
             Was a High Priest of Dithmenos.
             Shot with an arrow by a deep elf archer (34 damage)
             ... on level 12 of the Dungeon.
             The game lasted 00:28:25 (14283 turns).

M4edhros the Destroyer (Formicid Conjurer)         Turns: 14283, Time: 00:28:25

Health: -4/61      AC:  8    Str: 13    XL:     11   Next: 80%
Magic:  3/19       EV: 20    Int: 18    God:    Dithmenos [*****.]
Gold:   255        SH:  0    Dex: 18    Spells: 4 memorised, 9 levels left

rFire  . . .     SeeInvis +     I - +0 quarterstaff (speed)
rCold  + + .     Gourm    .     a - +0 robe
rNeg   . . .     Faith    .     (no shield)
rPois  .         Spirit   .     (helmet unavailable)
rElec  .         Dismiss  .     h - +1 cloak
rCorr  .         Reflect  .     m - +0 pair of gloves
SustAt .         Harm     .     (no boots)
MR     +....                    T - amulet of regeneration
Stlth  +++++.....               K - ring of protection from cold
                                w - +2 ring of protection

@: agile, very slightly contaminated, starving, wreathed by umbra, somewhat
resistant to hostile enchantments, quite stealthy
A: permanent stasis, dig shafts and tunnels, four strong arms, antennae 3,
hooves 1, icy blue scales 1, agile 1, cold resistance 1, frail 1, sense
surroundings 1
a: Dig, Shaft Self, Shadow Step, Shadow Form, Renounce Religion


You were on level 12 of the Dungeon.
You worshipped Dithmenos.
Dithmenos was extremely pleased with you.
You were starving.

You visited 2 branches of the dungeon, and saw 13 of its levels.
You also visited: Ossuary.

You collected 705 gold pieces.
You spent 450 gold pieces at shops.

Inventory:

Hand Weapons
 g - a +0 hunting sling
 B - a +2 flail of protection
 E - a +3 short sword of venom
 G - a +0 hunting sling of velocity
 I - a +0 quarterstaff of speed (weapon)
 L - a +2 short sword of speed
 S - a cursed -1 glaive
Missiles
 J - 36 sling bullets
Armour
 a - a +0 robe (worn)
 h - a +1 cloak (worn)
 m - a +0 pair of gloves (worn)
 q - a +0 leather armour of magic resistance
 z - a +0 shield
Jewellery
 w - a +2 ring of protection (left hand)
 x - an uncursed ring of flight
 y - an uncursed amulet of guardian spirit
 K - a ring of protection from cold (right hand)
 T - an amulet of regeneration (around neck)
 V - an uncursed ring of wizardry {unknown}
Wands
 l - a wand of random effects (17/48)
 t - a wand of lightning (0/15)
 F - a wand of slowing (5/48)
Scrolls
 d - 12 scrolls of identify {unknown}
 e - 4 scrolls of enchant armour {unknown}
 f - 6 scrolls of remove curse {unknown}
 i - 7 scrolls of teleportation {unknown}
 j - 4 scrolls of recharging {unknown}
 k - 2 scrolls of blinking {unknown}
 n - 3 scrolls of fear {unknown}
 p - a scroll of fog {unknown}
 v - 3 scrolls of noise {unknown}
 A - a scroll of random uselessness {unknown}
 C - 2 scrolls of silence {unknown}
 D - a scroll of enchant weapon {unknown}
 H - 2 scrolls of amnesia {unknown}
 Q - a scroll of summoning {unknown}
Potions
 o - a potion of degeneration
 r - 4 potions of curing
 P - a potion of haste {unknown}
 R - a potion of ambrosia {unknown}
 W - a potion of might
Books
 b - a book of Conjurations

   Spells                             Type                      Level
   a - Magic Dart                     Conjuration                  1
   b - Searing Ray                    Conjuration                  2
   c - Dazzling Spray                 Conjuration/Hexes            3
   d - Fulminant Prism                Conjuration/Hexes            4
   e - Iskenderun's Mystic Blast      Conjuration                  4
   f - Iskenderun's Battlesphere      Conjuration/Charms           5
 u - a book of Annihilations

   Spells                             Type                      Level
   a - Poison Arrow                   Conjuration/Poison           6
   b - Chain Lightning                Conjuration/Air              8
   c - Lehudib's Crystal Spear        Conjuration/Earth            8
   d - Glaciate                       Conjuration/Ice              9
   e - Fire Storm                     Conjuration/Fire             9
 N - a book of Battle

   Spells                             Type                      Level
   a - Infusion                       Charms                       1
   b - Shroud of Golubria             Charms/Translocation         2
   c - Song of Slaying                Charms                       2
   d - Spectral Weapon                Hexes/Charms                 3
   e - Regeneration                   Charms/Necromancy            3
 O - a book of Transfigurations

   Spells                             Type                      Level
   a - Irradiate                      Conjuration/Transmutation    5
   b - Statue Form                    Transmutation/Earth          6
   c - Hydra Form                     Transmutation                6
   d - Dragon Form                    Transmutation                7
 U - a Necronomicon

   Spells                             Type                      Level
   a - Haunt                          Necromancy/Summoning         7
   b - Borgnjor's Revivification      Necromancy                   8
   c - Death's Door                   Charms/Necromancy            8
   d - Necromutation                  Transmutation/Necromancy     8
Comestibles
 c - a bread ration
 s - 5 fruits
 X - a slice of pizza


   Skills:
 + Level 0.2 Fighting
 + Level 4.3 Dodging
 - Level 2.4 Stealth
 * Level 5.8 Spellcasting
 + Level 11.9 Conjurations
 - Level 10.0 Hexes
 - Level 6.0 Charms


You had 9 spell levels left.
You knew the following spells:

 Your Spells              Type           Power        Failure   Level  Hunger
a - Magic Dart            Conj           ####         1%          1    None
b - Searing Ray           Conj           #####.       1%          2    None
c - Fulminant Prism       Conj/Hex       #####.....   1%          4    ####...
d - Iskenderun's Battles  Conj/Chrm      #####...     12%         5    #####..


Dungeon Overview and Level Annotations

Branches:
Dungeon (12/15)            Temple (1/1) D:6
   Lair: D:8-11         Orc: D:9-12

Altars:
Ashenzari
Cheibriados
Dithmenos
Elyvilon
Gozag
Kikubaaqudgha
Makhleb
Nemelex Xobeh
Okawaru
Pakellas
Ru
Sif Muna
Trog
Vehumet
Xom
Yredelemnul
Zin
The Shining One

Shops:
D:11 =

Annotations:
D:5 Dowan, Duvessa


Innate Abilities, Weirdness & Mutations

You are under a permanent stasis effect.
You can dig through walls and to a lower floor.
Your four strong arms can wield two-handed weapons with a shield.
You have a pair of large antennae on your head (SInv).
You have large cloven feet.
You are partially covered in icy blue scales (AC +1).
You are agile. (Dex +2)
Your flesh is cold resistant.
You are frail (-10% HP).
You passively map a small area around you.


Message History

Aim: a deep elf archer, wielding a longbow and wearing a leather armour (lightly wounded, repelling missiles)
The magic dart hits the deep elf archer.
The deep elf archer is lightly wounded.
Unknown command.
Casting: Magic Dart
Confirm with . or Enter, or press ? or * to list all spells.
You miscast Iskenderun's Battlesphere.
You are very lightly contaminated with residual magic.
Strange energies run through your body.
You are starving!
The deep elf archer shoots an arrow.
The arrow barely misses you.
Eat which item? (? for menu, Esc to quit)
Okay, then.
Evoke which item? (* to show all) (? for menu, Esc to quit)
Okay, then.
Drink which item? (? for menu, Esc to quit)
You feel agile all of a sudden.
The deep elf archer shoots an arrow.
The arrow hits you!!
Ouch! That really hurt!
You die...

########
###############
........
.e.....ยง.......
, ..).....,
#............,
.......# *
#....@(.# * ,
.....###
##.....### , *
....## #.....##
*, , ...##
##...### *, ..##
#...## * * .##
##..## , ##
##..## * #
##..## * *
##...# * ,


You could see a deep elf archer.

Vanquished Creatures
  A hydra (D:11)
  Erica (D:8)
  An unseen horror (D:10)
  An ice statue (D:7)
  Joseph (D:7)
  2 trolls (D:9)
  Grinder (D:3)
  Sigmund (D:3)
  A wyvern (D:12)
  4 hungry ghosts
  A hippogriff (D:12)
  Edmund (D:6)
  A water moccasin (D:6)
  4 orc warriors
  3 ice beasts
  3 black bears
  4 ogres
  A phantom (D:5)
  An eye of draining (D:9)
  2 sky beasts
  A wasp (D:11)
  2 necrophages
  2 centaurs
  An elf zombie (Ossuary)
  3 big kobolds
  10 giant frogs
  A water moccasin skeleton (D:9)
  2 scorpions (D:8)
  4 killer bees (D:10)
  5 wights (D:8)
  4 howler monkeys
  8 crimson imps
  2 jellies (D:9)
  A quasit (D:9)
  A centaur zombie (D:9)
  3 hounds
  3 giant frog skeletons
  5 orc wizards
  3 orc priests
  2 centaur skeletons
  2 human zombies (Ossuary)
  Jessica (D:2)
  6 iguanas
  Terence (D:3)
  4 worker ants
  2 big kobold zombies (Ossuary)
  2 mummies (Ossuary)
  Robin (D:3)
  2 worker ant zombies
  A howler monkey skeleton (D:9)
  10 adders
  4 shadow imps
  7 oozes
  An adder skeleton (D:5)
  4 worms
  2 giant geckos
  23 orcs
  6 ball pythons
  11 giant cockroaches
  15 goblins
  11 hobgoblins
  15 jackals
  4 quokkas
  12 bats
  10 giant newts
  9 hobgoblin zombies (Ossuary)
  13 kobolds
  11 kobold zombies (Ossuary)
  7 orc zombies (Ossuary)
  7 rats
  5 rat zombies (Ossuary)
307 creatures vanquished.

Vanquished Creatures (others)
  A giant frog zombie (D:12)
  66 fulminant prisms
67 creatures vanquished.

Grand Total: 374 creatures vanquished

Notes
Turn   | Place    | Note
--------------------------------------------------------------
     0 | D:1      | M4edhros the Formicid Conjurer began the quest for the Orb.
     0 | D:1      | Reached XP level 1. HP: 13/13 MP: 3/3
   130 | D:1      | Reached skill level 4 in Conjurations
   130 | D:1      | Reached XP level 2. HP: 19/19 MP: 0/5
   508 | D:2      | Reached XP level 3. HP: 24/24 MP: 0/6
   624 | D:2      | Noticed Jessica
   628 | D:2      | Killed Jessica
   633 | D:2      | Reached XP level 4. HP: 30/30 MP: 1/7
   717 | D:3      | Learned a level 2 spell: Searing Ray
   868 | D:3      | Reached skill level 5 in Conjurations
  1121 | D:4      | Noticed an ogre
  1393 | D:4      | Killed an ogre
  1393 | D:4      | Reached skill level 6 in Conjurations
  1393 | D:4      | Reached XP level 5. HP: 13/35 MP: 0/8
  1848 | D:4      | Noticed an ogre
  1854 | D:4      | Killed an ogre
  1854 | D:4      | Reached XP level 6. HP: 41/41 MP: 1/9
  2233 | D:4      | Noticed an ogre
  2239 | D:4      | Killed an ogre
  2239 | D:4      | Reached skill level 7 in Conjurations
  2239 | D:4      | Reached XP level 7. HP: 36/46 MP: 1/10
  2323 | D:5      | Entered Level 5 of the Dungeon
  2642 | D:5      | Reached skill level 8 in Conjurations
  2937 | D:5      | Noticed Duvessa
  2937 | D:5      | Noticed Dowan
  3180 | D:5      | Reached XP level 8. HP: 52/52 MP: 6/11
  3217 | D:5      | Learned a level 4 spell: Fulminant Prism
  3334 | D:5      | Reached skill level 1 in Hexes
  3558 | D:6      | Noticed Edmund
  3706 | D:6      | Killed Edmund
  4103 | D:6      | Found a staircase to the Ecumenical Temple.
  4121 | Temple   | Entered the Ecumenical Temple
  4137 | Temple   | Became a worshipper of Dithmenos the Shadowed
  4268 | D:6      | Reached skill level 9 in Conjurations
  4314 | D:5      | Gained mutation: Your flesh is cold resistant. [potion of beneficial mutation]
  4319 | D:5      | You are sucked into a shaft for 2 floors!
  5476 | D:1      | Reached * piety under Dithmenos
  6063 | D:3      | Noticed Grinder
  6067 | D:3      | Noticed Sigmund
  6072 | D:3      | You fall through a shaft for 2 floors!
  6155 | D:3      | Noticed Terence
  6164 | D:3      | Killed Terence
  6300 | D:3      | Killed Sigmund
  6300 | D:3      | Reached skill level 5 in Hexes
  6300 | D:3      | Reached XP level 9. HP: 47/57 MP: 1/12
  6363 | D:3      | Noticed Robin
  6368 | D:3      | Killed Robin
  6492 | D:3      | Reached ** piety under Dithmenos
  6590 | D:3      | You fall through a shaft for 3 floors!
  6787 | D:3      | Killed Grinder
  7036 | D:3      | Found a bloodstained altar of Trog.
  7036 | D:3      | Found a deep blue altar of Sif Muna.
  7036 | D:3      | Found a basalt altar of Yredelemnul.
  7257 | D:6      | Found a sacrificial altar of Ru.
  7458 | D:7      | Found an oddly glowing altar of Pakellas.
  7853 | D:7      | Reached skill level 10 in Conjurations
  7857 | D:7      | Gained mutation: You are agile. (Dex +2) [mutagenic meat]
  7858 | D:7      | Gained mutation: You passively map a small area around you. [mutagenic meat]
  7859 | D:7      | Gained mutation: Your mind is acute. (Int +2) [mutagenic meat]
  7860 | D:7      | Gained mutation: You have large cloven feet. [mutagenic meat]
  7882 | D:7      | Noticed an ice statue
  8432 | D:7      | Noticed Joseph
  8449 | D:7      | Killed Joseph
  8675 | D:7      | Killed an ice statue
  8884 | D:8      | Found a sand-covered staircase.
  8902 | Ossuary  | Entered an ossuary
  9065 | Ossuary  | Reached *** piety under Dithmenos
  9268 | Ossuary  | Reached XP level 10. HP: 48/63 MP: 4/13
  9442 | D:8      | Noticed Erica
  9495 | D:8      | Killed Erica
  9495 | D:8      | Reached skill level 11 in Conjurations
  9897 | D:8      | Reached skill level 10 in Hexes
  9904 | D:8      | Learned a level 5 spell: Iskenderun's Battlesphere
 10030 | D:8      | Reached skill level 1 in Charms
 11146 | D:9      | Reached **** piety under Dithmenos
 11529 | D:9      | Reached XP level 11. HP: 64/68 MP: 5/14
 12383 | D:9      | Found a white marble altar of Elyvilon.
 12386 | D:9      | Found a glowing silver altar of Zin.
 12387 | D:9      | Found a snail-covered altar of Cheibriados.
 12460 | D:10     | Entered Level 10 of the Dungeon
 12588 | D:10     | Noticed an unseen horror
 12610 | D:10     | Noticed a hill giant
 12611 | D:10     | Killed an unseen horror
 12611 | D:10     | Reached skill level 5 in Charms
 13122 | D:11     | Reached skill level 5 in Spellcasting
 13327 | D:11     | Reached ***** piety under Dithmenos
 13386 | D:11     | Found Huhuth's Jewellery Boutique.
 13398 | D:11     | Gained mutation: You are partially covered in icy blue scales (AC +1). [mutagenic meat]
 13399 | D:11     | Gained mutation: You are frail (-10% HP). [mutagenic meat]
 13402 | D:11     | Lost mutation: Your mind is acute. (Int +2) [mutagenic meat]
 13407 | D:11     | Bought an uncursed amulet of regeneration for 450 gold pieces
 13572 | D:11     | Noticed a four-headed hydra
 13588 | D:11     | Killed a four-headed hydra
 14276 | D:12     | Noticed a deep elf archer
 14283 | D:12     | Shot with an arrow by a deep elf archer

Skill      XL: |  1  2  3  4  5  6  7  8  9 10 11 |
---------------+----------------------------------+-----
Conjurations   | 4 6 7 8 9 10 11 | 11.9
Hexes          | 5 8 10 | 10.0
Charms         | 3 6 |  6.0
Dodging        | 2 4 |  4.3
Spellcasting   | 5 |  5.8
Fighting       | |  0.2
Stealth        | |  2.4

Action                   |  1- 3 |  4- 6 |  7- 9 | 10-12 || total
-------------------------+-------+-------+-------+-------++-------
Melee: Unarmed           |    14 |    48 |    42 |       ||   104
       Flail             |       |       |    76 |       ||    76
       Quarterstaff      |       |       |    92 |   361 ||   453
       Kick              |       |       |    22 |    79 ||   101
 Cast: Magic Dart        |    38 |    66 |   262 |   122 ||   488
       Searing Ray       |       |    10 |     7 |       ||    17
       Fulminant Prism   |       |       |    26 |    40 ||    66
       Iskenderun's Batt |       |       |       |    17 ||    17
 Abil: Dig               |       |       |     5 |     1 ||     6
       Shaft Self        |       |       |     3 |       ||     3
Evoke: Wand              |       |       |     3 |       ||     3
  Use: Potion            |       |     1 |    10 |    10 ||    21
 Stab: Sleeping          |       |       |     1 |     5 ||     6
       Distracted        |       |       |       |     1 ||     1
  Eat: Chunk             |       |     6 |    10 |    16 ||    32
       Bread ration      |       |       |     1 |     5 ||     6
       Meat ration       |       |       |     5 |     1 ||     6
       Royal jelly       |       |       |     1 |       ||     1
       Pizza             |       |       |       |     2 ||     2
Armor: Robe              |     5 |    28 |    97 |   100 ||   230
       Skin              |       |       |    38 |    68 ||   106
Dodge: Dodged            |    15 |    68 |   216 |   284 ||   583
